 Dungeon Crawl Stone Soup version 0.30-a0-972-gf3ab3527aa (webtiles) character file.

Game seed: 16303502157507551182

28 vishdafish the Conjurer (level 3, 24/24 HPs)
             Began as a Demonspawn Conjurer on Mar 31, 2023.
             Quit the game on level 2 of the Dungeon.
             The game lasted 00:00:22 (123 turns).

vishdafish the Conjurer (Demonspawn Conjurer)        Turns: 123, Time: 00:00:22

Health: 24/24      AC:  2    Str:  7    XL:     3   Next: 0%
Magic:  0/7        EV: 12    Int: 21    God:
Gold:   11         SH:  0    Dex: 11    Spells: 6/7 levels left

rFire   . . .      SeeInvis .    (no weapon)
rCold   . . .      Faith    .    (no shield)
rNeg    . . .      Spirit   .    a - +0 robe
rPois   .          Reflect  .    (helmet restricted)
rElec   .          Rampage  .    (no cloak)
rCorr   .                        (no gloves)
Will    .....                    (no boots)
Stlth   ++                       (no amulet)
HPRegen 0.24/turn                (no ring)
MPRegen 0.10/turn                (no ring)

@: no status effects
A: horns 1, demonic guardian 1
a: no special abilities


You were on level 2 of the Dungeon.
You visited 1 branch of the dungeon, and saw 2 of its levels.

You collected 11 gold pieces.

Inventory:

Armour
 a - a +0 robe (worn)
Potions
 b - a potion of magic


   Skills:
 - Level 1.7 Dodging
 - Level 1.7 Stealth
 + Level 2.7 Spellcasting
 + Level 4.5 Conjurations


You had 6 spell levels left.
You knew the following spells:

 Your Spells              Type           Power      Damage    Failure   Level
a - Magic Dart            Conj           84%        1d7       2%          1

Your spell library contained the following spells:

 Spells                   Type           Power      Damage    Failure   Level
 Searing Ray              Conj           42%        2d6       3%          2
 Dazzling Flash           Conj/Hex       24%        N/A       16%         3
 Fulminant Prism          Conj/Hex       6%         3d7       47%         4
 Iskenderun's Mystic Bla  Conj/Tloc      12%        2d5       47%         4


Dungeon Overview and Level Annotations

Branches:
Dungeon (2/15)

Altars:


Innate Abilities, Weirdness & Mutations

You have a pair of small horns on your head.
A weak demonic guardian rushes to your aid.


Message History

The endoplasm barely misses you.
You hit the endoplasm.
The endoplasm is almost dead.
The endoplasm freezes you.
You are frozen.
You hit the endoplasm.
You kill the endoplasm!
HP restored.
Magic restored.
An endoplasm comes into view.
The endoplasm quivers.
An endoplasm is nearby!
The magic dart hits the endoplasm.
The endoplasm is severely wounded.
The magic dart hits the endoplasm.
The endoplasm is almost dead.
The magic dart hits the endoplasm.
You kill the endoplasm!
You are out of magic!
You now have 11 gold pieces.
Jessica the Apprentice Sorceress comes into view.
She is wielding a +0 club.
Jessica is nearby!
Jessica is nearby!
The magic dart hits Jessica.
Jessica is moderately wounded.
The magic dart hits Jessica.
Jessica is heavily wounded.
Jessica mumbles some strange words.
Jessica blinks!
The magic dart hits Jessica.
You kill Jessica!
You have reached level 2!
Your demonic ancestry asserts itself...
A pair of horns grows on your head!
You have reached level 3!
Your experience leads to an increase in your attributes!
Increase (S)trength, (I)ntelligence, or (D)exterity?
You feel clever. x2; Your demonic ancestry asserts itself...
You feel the presence of a demonic guardian.
Are you sure you want to abandon this character and quit the game? (Confirm with "yes".)

### #.. ## #######.# #
#. ..ยง..)..# #
...###.########@###.#
#.................####
#..........##.........
#.####..##.##.#..#####
#..#...#.#..#
#........#..#
#........#..#
#.#.....##..#
#.##.........


There were no monsters in sight!

Vanquished Creatures
  Jessica (D:2)
  2 endoplasms (D:2)
3 creatures vanquished.

Notes
Turn   | Place    | Note
-------+----------+-------------------------------------------
     0 | D:1      | vishdafish the Demonspawn Conjurer began the quest for the
                  | Orb.
     0 | D:1      | Reached XP level 1. HP: 13/13 MP: 3/3
   119 | D:2      | Noticed Jessica
   122 | D:2      | Killed Jessica
   123 | D:2      | Gained mutation: You have a pair of small horns on your
                  | head. [demonic ancestry]
   123 | D:2      | Reached XP level 2. HP: 19/19 MP: 0/5
   123 | D:2      | Gained mutation: A weak demonic guardian rushes to your
                  | aid. [demonic ancestry]
   123 | D:2      | Reached XP level 3. HP: 24/24 MP: 0/7
   123 | D:2      | Quit the game

Illustrated notes

Levels and vault maps discovered:
D:1:      amcnicky_arrival_gap_in_the_tavern_cellar, layout_loops_cross,
          chequers_serial_rivers_small_b, kennysheep_nondescript
D:2:      layout_loops_ring, uniq_jessica, uniq_robin, uniq_natasha

Action                     || total
---------------------------++-------
  Melee: Unarmed           ||     3
   Cast: Magic Dart        ||    10
 Armour: Robe              ||     6
  Dodge: Dodged            ||    14

Table legend: (Time is in decaauts)
 A = Elapsed time spent in this place.
 B = Non-inter-level travel time spent in this place.
 C = Inter-level travel time spent in this place.
 D = Time resting spent in this place.
 E = Time spent auto-exploring this place.
 F = Levels seen in this place.
 G = Mean time per level.
                   A        B        C        D        E       F      G
               +--------+--------+--------+--------+--------+-----+--------+
         Total |    122 |    122 |      0 |      0 |     92 |   2 |   61.0 |
       Dungeon |    122 |    122 |      0 |      0 |     92 |   2 |   61.0 |
               +--------+--------+--------+--------+--------+-----+--------+

Top non-repeatable levels by time:
     D:2: 91 daAuts
     D:1: 31 daAuts
